 Dungeon Crawl Stone Soup version 0.31-a0-237-g2d982f9f85 (webtiles) character file.

Game seed: 393421948020748769

25 qw the Shooter (level 3, -1/21 HPs)
             Began as a Gargoyle Hexslinger on July 10, 2023.
             Slain by a hobgoblin (2 damage)
             ... on level 2 of the Dungeon.
             The game lasted 00:00:18 (592 turns).

qw the Shooter (Gargoyle Hexslinger)                 Turns: 592, Time: 00:00:19

Health: -1/21      AC:  5    Str: 11    XL:     3   Next: 4%
Magic:  4/4        EV: 12    Int: 13    God:
Gold:   11         SH:  0    Dex: 14    Spells: 3/4 levels left

rFire   . . .        Y - +1 sling
rCold   . . .        (no shield)
rNeg    + . .        c - +0 robe
rPois   inf          (no helmet)
rElec   +            (no cloak)
rCorr   .            (no gloves)
SInv    .            (no boots)
Will    .....        (no amulet)
Stlth   +            (no ring)
HPRegen 0.23/turn    (no ring)
MPRegen 0.09/turn

%: no passive effects
@: no status effects
A: sickness immunity, AC +3, negative energy resistance 1, electricity
resistance, torment resistance 1, petrification resistance
a: no special abilities


You were on level 2 of the Dungeon.
You visited 1 branch of the dungeon, and saw 2 of its levels.

You collected 11 gold pieces.


Innate Abilities, Weirdness & Mutations

You are immune to sickness and miasma.
Your stone body is resilient. (AC +3)
You are immune to poison.
You resist negative energy. (rN+)
You are resistant to electric shocks. (rElec)
You are resistant to unholy torment.
You are immune to petrification.


   Skills:
 - Level 2.0 Fighting
 + Level 3.0 Ranged Weapons
 - Level 1.5 Dodging
 - Level 1.0 Spellcasting
 - Level 2.6 Hexes


You had 3 spell levels left.
You knew the following spells:

 Your Spells              Type           Power      Damage    Failure   Level
a - Slow                  Hex            28%        N/A       10%         1

Your spell library contained the following spells:

 Spells                   Type           Power      Damage    Failure   Level
 Inner Flame              Hex/Fire       4%         N/A       43%         3
 Portal Projectile        Hex/Tloc       8%         N/A       43%         3
 Cause Fear               Hex            3%         N/A       67%         4

Inventory:

Hand Weapons
 Y - a +1 sling (weapon)
Armour
 c - a +0 robe (worn)
Scrolls
 a - a scroll of blinking {unknown}
Potions
 g - a potion of attraction {unknown}

Dungeon Overview and Level Annotations

Branches:
Dungeon (2/15)

Altars:


Message History

The adder bites you but does no damage.
You shoot a sling bullet.
The sling bullet closely misses the adder.
The hobgoblin closely misses you. The adder bites you but does no damage.
You shoot a sling bullet.
The sling bullet barely misses the adder.
The adder closely misses you.
The hobgoblin hits you but does no damage.
The adder misses you.
The hobgoblin hits you but does no damage.
You shoot a sling bullet. The sling bullet hits the adder.
The adder is moderately wounded.
The adder closely misses you.
The hobgoblin hits you but does no damage.
The adder misses you.
You shoot a sling bullet. The sling bullet misses the adder.
The hobgoblin hits you but does no damage.
The adder closely misses you.
You shoot a sling bullet. The sling bullet misses the adder.
The adder closely misses you. The hobgoblin barely misses you.
The adder bites you but does no damage.
You shoot a sling bullet. The sling bullet hits the adder.
The adder is heavily wounded.
The hobgoblin closely misses you. The adder closely misses you.
The hobgoblin barely misses you.
You shoot a sling bullet.
The sling bullet barely misses the adder.
The adder closely misses you. The hobgoblin hits you. The adder bites you.
You shoot a sling bullet. The sling bullet misses the adder.
The adder barely misses you.
The hobgoblin hits you but does no damage.
You shoot a sling bullet.
The sling bullet closely misses the adder.
The adder misses you. The hobgoblin hits you.
The adder bites you but does no damage.
You shoot a sling bullet. The sling bullet misses the adder.
The hobgoblin misses you. The adder bites you.
You shoot a sling bullet. The sling bullet misses the adder.
The adder bites you but does no damage. The hobgoblin hits you.
You die...

.............#
.............#
............$#
.............#
.............#
.............#
......S)g...#
.......@...#
#######..###
.........###
...........#
.......###.#
.......###.######
................##
............<....##
...............>..#


You could see an adder and a hobgoblin.

Vanquished Creatures
  5 bats
  An endoplasm (D:1)
  4 goblins
  5 hobgoblins
  A quokka (D:1)
  3 ball pythons (D:1)
  A frilled lizard (D:2)
  A rat (D:1)
21 creatures vanquished.

Notes
Turn   | Place    | Note
-------+----------+-------------------------------------------
     0 | D:1      | qw the Gargoyle Hexslinger began the quest for the Orb.
     0 | D:1      | Reached XP level 1. HP: 12/12 MP: 2/2
     0 | D:1      | 0 ||| qw: Version: 0.3-a-52-g30416fa
     0 | D:1      | 0 ||| qw: Game counter: 5332
     0 | D:1      | 0 ||| qw: Melee chars always use a shield: true
     0 | D:1      | 0 ||| qw: God list: Okawaru
     0 | D:1      | 0 ||| qw: Allow faded altars: false
     0 | D:1      | 0 ||| qw: Do Orc after clearing Dungeon:15 true
     0 | D:1      | 0 ||| qw: Do second Lair branch before Depths: true
     0 | D:1      | 0 ||| qw: Lair rune preference: random
     0 | D:1      | 0 ||| qw: Goals: Normal
     0 | D:1      | 0 ||| PLANNING D:1-11
   162 | D:1      | Reached XP level 2. HP: 16/16 MP: 3/3
   188 | D:1      | Reached skill level 3 in Ranged Weapons
   487 | D:1      | 487 ||| READING scroll labelled WULUXT QYSEOFU.
   488 | D:1      | 488 ||| READING scroll labelled MARRACLASOU.
   489 | D:1      | 489 ||| READING scroll labelled MATITE QOAXKUAPP.
   490 | D:1      | 490 ||| READING scroll labelled UNOUTSO GOKK.
   491 | D:1      | 491 ||| READING scroll labelled WIFAPL TIAGUOT.
   492 | D:1      | 492 ||| DROPPING scroll of poison.
   525 | D:2      | 525 ||| STAIRDANCE
   555 | D:2      | Reached XP level 3. HP: 21/21 MP: 4/4
   575 | D:2      | HP: 4/21 [hobgoblin (4)]
   588 | D:2      | HP: 4/21 [adder (2)]
   591 | D:2      | HP: 1/21 [adder (3)]
   592 | D:2      | Slain by a hobgoblin

Levels and vault maps discovered:
D:1:      saegor_arrival_simple_d, layout_basic, chequers_serial_rivers_micro_b
D:2:      layout_rooms, basic_altar

Skill      XL: |  1  2 |
---------------+-------+-----
Ranged Weapons | 3 |  3.0
Fighting       | 2 |  2.0
Dodging        | |  1.5
Spellcasting   | |  1.0
Hexes          | |  2.6

Action                     || total
---------------------------++-------
   Fire: Sling             ||    77
    Use: Scroll            ||     5
 Armour: Robe              ||    22
  Dodge: Dodged            ||    60

Table legend:
 A = Non-vault XP
 B = Vault XP
 C = Vault XP percentage of total XP
 D = Non-vault monster count
 E = Vault monster count
 F = Vault count percentage of total count
                 A         B        C        D         E       F
            +---------+---------+-------+---------+---------+-------
      Total |      36 |       0 |   0.0 |      21 |       0 |   0.0
            +---------+---------+-------+---------+---------+-------
        D:1 |      30 |       0 |   0.0 |      17 |       0 |   0.0
        D:2 |       6 |       0 |   0.0 |       4 |       0 |   0.0
            +---------+---------+-------+---------+---------+-------
